 Dungeon Crawl Stone Soup version 0.26-a0-597-gb535b0901c (webtiles) character file.

Game seed: 11589831153994600922

993 Cokeysmoke the Poker (level 8, -2/52 HPs)
             Began as a Merfolk Ice Elementalist on Sept 7, 2020.
             Slain by Ijyb
             ... wielding a +5 club
              (6 damage)
             ... on level 4 of the Dungeon.
             The game lasted 00:16:05 (3386 turns).

Cokeysmoke the Poker (Merfolk Ice Elementalist)     Turns: 3386, Time: 00:16:07

Health: -2/52      AC:  0    Str: 14    XL:     8   Next: 19%
Magic:  10/14      EV: 19    Int: 16    God:
Gold:   133        SH:  0    Dex: 15    Spells: 4/15 levels left

rFire    . . .     SeeInvis .   r - +0 halberd
rCold    . . .     Faith    .   (shield currently unavailable)
rNeg     . . .     Spirit   .   j - +1 robe {MR+}
rPois    .         Reflect  .   o - +0 helmet
rElec    .         Harm     .   (no cloak)
rCorr    .                      (no gloves)
MR       +....                  (no boots)
Stlth    +++.......             l - amulet of regeneration
HPRegen  0.57/turn              k - +6 ring of strength
MPRegen  0.14/turn              p - +4 ring of evasion

@: corroded
A: change form in water, swift swim, stealthy swim
a: no special abilities


You were on level 4 of the Dungeon.
You visited 1 branch of the dungeon, and saw 4 of its levels.

You collected 133 gold pieces.

Inventory:

Hand Weapons
 c - a +3 whip
 g - a +0 spear
 r - a +0 halberd (weapon)
Missiles
 u - 6 curare-tipped darts (quivered)
Armour
 j - a +1 robe of magic resistance (worn)
 o - a +0 helmet (worn)
Jewellery
 k - a +6 ring of strength (left hand)
 l - an amulet of regeneration (around neck)
 p - a +4 ring of evasion (right hand)
Wands
 e - a wand of polymorph (7)
 i - a wand of flame (13)
Scrolls
 a - a scroll of teleportation
 b - 4 scrolls of remove curse
 m - a scroll of enchant weapon
 q - a scroll of fear
 s - a scroll of magic mapping
Potions
 d - a potion of flight
 f - a potion of heal wounds
 h - a potion of mutation {unknown}
 n - a potion of cancellation {unknown}
 t - 3 potions of curing


   Skills:
 * Level 6.3 Polearms
 + Level 5.8 Dodging
 + Level 5.1 Stealth
 + Level 4.1 Spellcasting
 + Level 0.0 Summonings
 + Level 6.2 Ice Magic


You had 4 spell levels left.
You knew the following spells:

 Your Spells              Type           Power        Failure   Level
a - Freeze                Ice            ###.         1%          1
b - Frozen Ramparts       Ice            ###...       3%          3
c - Ozocubu's Armour      Ice            ###.....     3%          3
d - Summon Ice Beast      Ice/Summ       ##......     43%         4

Your spell library contained the following spells:

 Spells                   Type           Power        Failure   Level
 Hailstorm                Conj/Ice       ##......     43%         4
 Confusing Touch          Hex            #.......     45%         3
 Gell's Gravitas          Tloc           #.........   45%         3
 Petrify                  Tmut/Erth      #.......     86%         4
 Metabolic Englaciation   Hex/Ice        ##........   78%         5
 Yara's Violent Unravell  Hex/Tmut       #.........   99%         5


Dungeon Overview and Level Annotations

Branches:
Dungeon (4/15)
 Temple: D:4-7

Altars:

Shops:
D:4 :

Annotations:
D:4 Ijyb


Message History

Unknown command.
Casting: Freeze (safe; 1% risk of failure)
Confirm with . or Enter, or press ? or * to list all spells.
Aiming: Freeze (safe; 1% risk of failure)
Press: ? - help, Shift-Dir - straight line, f/p - Ijyb
Aim: Ijyb, wielding a +5 club, wearing a +0 leather armour and carrying a wand of acid (4) (heavily wounded)
You freeze Ijyb.
Ijyb is severely wounded.
Ijyb zaps a wand.
The bolt of acid hits you!! The acid corrodes you!
You are splashed with acid!
* * * LOW HITPOINT WARNING * * *
Casting: Freeze (safe; 1% risk of failure)
Confirm with . or Enter, or press ? or * to list all spells.
Aiming: Freeze (safe; 1% risk of failure)
Press: ? - help, Shift-Dir - straight line, f/p - Ijyb
Aim: Ijyb, wielding a +5 club, wearing a +0 leather armour and carrying a wand of acid (3) (severely wounded)
You freeze Ijyb!
Ijyb is almost dead.
Ijyb hits you with a +5 club.
You die...

.. .. #. ##.## ...( #..#
#g.# #.@#######.#
#........... #..######...
#..##..... #......... #..
#.###.##..
#..#.####.###.....#
#....................
...........###.#....#....


You could see Ijyb.

Vanquished Creatures
  Pikel (D:4)
  Duvessa (D:4)
  4 lemures (D:4)
  Dowan (D:4)
  Natasha (D:4)
  An iguana (D:3)
  2 worker ants (D:4)
  9 adders
  10 gnolls (D:3)
  An ufetubus (D:3)
  2 oozes (D:3)
  4 worms
  A dart slug (D:2)
  A leopard gecko (D:2)
  3 orcs (D:3)
  2 ball pythons
  8 bats
  5 giant cockroaches
  9 hobgoblins
  6 jackals
  4 quokkas
  10 frilled lizards
  6 goblins
  3 kobolds
  8 rats
103 creatures vanquished.

Notes
Turn   | Place    | Note
-------+----------+-------------------------------------------
     0 | D:1      | Cokeysmoke the Merfolk Ice Elementalist began the quest for
                  | the Orb.
     0 | D:1      | Reached XP level 1. HP: 13/13 MP: 3/3
   350 | D:1      | Reached XP level 2. HP: 15/19 MP: 5/5
   766 | D:2      | Reached skill level 1 in Polearms
   768 | D:2      | Reached XP level 3. HP: 12/24 MP: 1/6
  1315 | D:2      | Reached XP level 4. HP: 29/30 MP: 7/7
  1577 | D:2      | Learned a level 3 spell: Frozen Ramparts
  1581 | D:2      | Learned a level 3 spell: Ozocubu's Armour
  1715 | D:2      | Reached skill level 5 in Ice Magic
  1917 | D:3      | Reached XP level 5. HP: 34/35 MP: 1/8
  2172 | D:3      | Reached XP level 6. HP: 18/41 MP: 0/10
  2880 | D:4      | Noticed Duvessa
  2881 | D:4      | Noticed Dowan
  2881 | D:4      | Noticed Natasha
  2911 | D:4      | Found Wezawec's Book Emporium.
  3016 | D:4      | Killed Duvessa
  3016 | D:4      | Reached skill level 5 in Dodging
  3016 | D:4      | Reached XP level 7. HP: 27/46 MP: 4/12
  3068 | D:4      | Noticed Pikel
  3173 | D:4      | Killed Dowan
  3178 | D:4      | Killed Natasha
  3282 | D:4      | Killed Pikel
  3282 | D:4      | Reached skill level 5 in Stealth
  3282 | D:4      | Reached XP level 8. HP: 42/52 MP: 3/14
  3288 | D:4      | Learned a level 4 spell: Summon Ice Beast
  3376 | D:4      | Noticed Ijyb
  3386 | D:4      | Slain by Ijyb

Illustrated notes

Levels and vault maps discovered:
D:1:      lightli_arrival_statuegarden, layout_basic
D:2:      layout_basic
D:3:      layout_rooms, st_stairs_1, chequers_garden
D:4:      layout_basic, serial_shops, nicolae_shop_stone, shop,
          nicolae_shop_behind_doors, kennysheep_little_box, uniq_ijyb,
          uniq_duvessa, uniq_natasha, uniq_pikel

Skill      XL: |  1  2  3  4  5  6  7 |
---------------+----------------------+-----
Dodging        | 3 4 5 |  5.8
Polearms       | 1 2 3 4 6 |  6.3
Stealth        | 3 4 5 |  5.1
Ice Magic      | 5 6 |  6.2
Spellcasting   | 3 4 |  4.1

Action                   |  1- 3 |  4- 6 |  7- 9 || total
-------------------------+-------+-------+-------++-------
Melee: Spear             |    61 |    99 |       ||   160
       Unarmed           |     1 |     8 |       ||     9
       Halberd           |       |   102 |    30 ||   132
 Cast: Freeze            |    23 |    42 |    24 ||    89
       Frozen Ramparts   |       |     4 |     2 ||     6
       Ozocubu's Armour  |       |     3 |     2 ||     5
  Use: Potion            |     1 |     1 |       ||     2
       Scroll            |     1 |     8 |       ||     9
 Stab: Sleeping          |     6 |     9 |       ||    15
       Distracted        |     1 |     2 |       ||     3
Armor: Robe              |    10 |    66 |     6 ||    82
Dodge: Dodged            |    50 |   264 |    43 ||   357

Table legend: (Time is in decaauts)
 A = Elapsed time spent in this place.
 B = Non-inter-level travel time spent in this place.
 C = Inter-level travel time spent in this place.
 D = Time resting spent in this place.
 E = Time spent auto-exploring this place.
 F = Levels seen in this place.
 G = Mean time per level.
                   A        B        C        D        E       F      G
               +--------+--------+--------+--------+--------+-----+--------+
         Total |   3424 |   3383 |     41 |    730 |   1758 |   4 |  856.0 |
       Dungeon |   3424 |   3383 |     41 |    730 |   1758 |   4 |  856.0 |
               +--------+--------+--------+--------+--------+-----+--------+

Top non-repeatable levels by time:
     D:2: 1152 daAuts
     D:3: 877 daAuts
     D:1: 754 daAuts
     D:4: 639 daAuts
